 Dungeon Crawl Stone Soup version 0.25-a0-843-g6944ee31a2 (webtiles) character file.

Game seed: 13453742730638771804, levelgen mode: deterministic

7 MisterFreud the Charmwright (level 1, -1/10 HPs)
             Began as a Felid Skald on Apr 25, 2020.
             Slain by an ooze (2 damage)
             ... on level 1 of the Dungeon.
             The game lasted 00:00:25 (124 turns).

MisterFreud the Charmwright (Felid Skald)            Turns: 124, Time: 00:00:26

Health: -1/10      AC:  1    Str:  7    XL:     1   Next: 83%
Magic:  0/4        EV: 18    Int: 14    God:
Gold:   0          SH:  0    Dex: 15    Spells: 3/4 levels left
                                        Lives:  0   Deaths: 0

rFire    . . .     SeeInvis +     - Unarmed
rCold    . . .     Gourm    .   (shield unavailable)
rNeg     . . .     Faith    .   (armour unavailable)
rPois    .         Spirit   .   (helmet unavailable)
rElec    .         Reflect  .   (cloak unavailable)
rCorr    .         Harm     .   (gloves unavailable)
MR       .....                  (boots unavailable)
Stlth    ++........             (no amulet)
HPRegen  0.03/turn              (no ring)
MPRegen  0.09/turn              (no ring)

@: infused, quick
A: very small, no armour, no weapons or thrown items, stealth, claws 1, fangs 3,
see invisible, carnivore, speed 1, shaggy fur 1, slow metabolism 1, sharp paws
a: no special abilities


You were on level 1 of the Dungeon.
You were very full.

You visited 1 branch of the dungeon, and saw 1 of its levels.

Inventory:

Scrolls
 a - a scroll of immolation {unknown}
Comestibles
 b - a ration


   Skills:
 * Level 2.6 Fighting
 - Level 3.2 Dodging
 - Level 2.0 Unarmed Combat
 - Level 2.0 Spellcasting
 - Level 3.6 Charms


You had 3 spell levels left.
You knew the following spells:

 Your Spells              Type           Power        Failure   Level  Hunger
a - Infusion              Chrm           ##..         5%          1    ##.....

Your spell library contained the following spells:

 Spells                   Type           Power        Failure   Level  Hunger
 Song of Slaying          Chrm           ##......     9%          2    ###....
 Shroud of Golubria       Chrm/Tloc      #.....       17%         2    ###....
 Ozocubu's Armour         Chrm/Ice       #.......     34%         3    ####...
 Spectral Weapon          Hex/Chrm       Unusable     N/A         3    N/A

Dungeon Overview and Level Annotations

Branches:
Dungeon (1/15)

Altars:


Innate Abilities, Weirdness & Mutations

You cannot wear armour.
You are incapable of wielding weapons or throwing items.
Your paws allow you to move quietly. (Stealth)
You have sharp claws.
You have razor-sharp teeth.
You have supernaturally acute eyesight. (SInv)
You are carnivorous and can eat meat at any time.
You cover ground quickly.
You are covered in fur. (AC +1)
You have a slow metabolism.
Your sharp claws are effective at attacking unaware monsters.


Message History

The ooze quivers.
You scratch the goblin.
You kill the goblin!
The dart slug launches a dart at you. The slug dart hits you.
Things that are here:
a +0 club; a goblin corpse
Items here: ) ††† a +0 short sword; a goblin corpse; a kobold corpse; a giant cockroach corpse The dart slug launches a dart at you.
The slug dart misses you.
You scratch the ooze.
The ooze is moderately wounded.
The ooze hits you.
Ouch! That really hurt!
* * * LOW HITPOINT WARNING * * *
You scratch the ooze but do no damage. You bite the ooze.
The ooze is severely wounded.
The ooze hits you.
You die...

#.# # #.# .. ..!.#.
#####.#.# #. ...$.#.
......#.##### #. ......#
....(.......# #.##.......
######.###.# ..#.......
#.# #.# #.#......#
######.# #.####.w.....#
####......# #...@J.)....#
..........#########.....#
................#
#....#.#
..........#####.####..#.#
..........# #....^# ..#
.. #......[..# #.....#
.#. .. #.........#
#.....# .... .
#.........# #.....##..#..
#.........###.......[.


You could see an ooze and a dart slug.

Vanquished Creatures
  A giant cockroach (D:1)
  2 goblins (D:1)
  A hobgoblin (D:1)
  2 kobolds (D:1)
6 creatures vanquished.

Notes
Turn   | Place    | Note
-------+----------+-------------------------------------------
     0 | D:1      | MisterFreud the Felid Skald began the quest for the Orb.
     0 | D:1      | Reached XP level 1. HP: 9/9 MP: 4/4
   124 | D:1      | Slain by an ooze

Levels and vault maps discovered:
D:1:      roderic_chinese_lattice_arrival, layout_basic,
          minmay_misc_feat_secret_circle

Action                   || total
-------------------------++-------
Melee: Unarmed           ||    13
       Bite              ||     1
 Cast: Infusion          ||     2
  Eat: Chunk             ||     4
Dodge: Dodged            ||     9

Table legend:
 A = Non-vault XP
 B = Vault XP
 C = Vault XP percentage of total XP
 D = Non-vault monster count
 E = Vault monster count
 F = Vault count percentage of total count
                 A         B        C        D         E       F
            +---------+---------+-------+---------+---------+-------
      Total |      10 |       0 |   0.0 |       6 |       0 |   0.0
            +---------+---------+-------+---------+---------+-------
        D:1 |      10 |       0 |   0.0 |       6 |       0 |   0.0
            +---------+---------+-------+---------+---------+-------
